 Dungeon Crawl Stone Soup version 0.18-a0-1577-gf591c28 (webtiles) character file.

56 itbreathesyoudie the Sneak (level 3, 0/31 HPs)
             Began as a Draconian Assassin on Mar 19, 2016.
             Slain by an orc wizard
             ... wielding a +0 dagger
              (1 damage)
             ... on level 3 of the Dungeon.
             The game lasted 00:05:11 (1838 turns).

itbreathesyoudie the Sneak (Draconian Assassin)     Turns: 1838, Time: 00:05:11

Health: 0/31       AC:  6    Str: 18 (19) XL:     3   Next: 69%
Magic:  3/3        EV: 11    Int:  8 (11) God:
Gold:   110        SH:  0    Dex: 11 (12) Spells: 0 memorised, 2 levels left

rFire  + . .     SeeInvis .     s - +0 war axe (curse)
rCold  + . .     Gourm    .     (armour unavailable)
rNeg   . . .     Faith    .     (no shield)
rPois  +         Spirit   .     (helmet restricted)
rElec  +         Dismiss  .     c - +0 cloak
rCorr  +         Reflect  .     (no gloves)
SustAt .         Harm     .     (no boots)
MR     .....                    (no amulet)
Stlth  ++........               (no ring)
                                (no ring)

@: mighty, resistant, not resistant to hostile enchantments, unstealthy
A: unfitting armour, cold-blooded, AC +5
a: no special abilities


You were on level 3 of the Dungeon.
You were near starving.

You visited 1 branch of the dungeon, and saw 3 of its levels.

You collected 110 gold pieces.

Inventory:

Hand Weapons
 a - a +2 dagger
 b - a +0 blowgun
 s - a cursed +0 war axe (weapon)
   (You found it on level 2 of the Dungeon)
Missiles
 d - 20 poisoned needles
 e - 2 curare-tipped needles
 g - 24 sling bullets
 q - 4 javelins (quivered)
 r - 74 stones
Armour
 c - a +0 cloak (worn)
Scrolls
 n - a scroll of teleportation {unknown}
 o - a scroll of identify
Potions
 h - a potion of flight
Comestibles
 f - 2 bread rations
 p - a fruit


   Skills:
 + Level 3.4 Fighting
 - Level 2.2 Short Blades
 + Level 2.8 Throwing
 - Level 0.8 Dodging
 - Level 3.6 Stealth


You had 2 spell levels left.
You didn't know any spells.

Dungeon Overview and Level Annotations

Branches:
Dungeon (3/15)

Altars:
Okawaru


Innate Abilities, Weirdness & Mutations

Your plain brown scales are hard (AC +5).
Your body does not fit into most forms of armour.
You are cold-blooded and may be slowed by cold attacks.


Message History

The orc hits you with a mace!
Something hits you but does no damage! x2
The orc hits you with a mace!!! * * * don't die
* * * You take 10 damage, and have 18/31 hp!
MASSIVE DAMAGE!!!!!!
Unknown command!
You miss something! You cut the orc into ribbons!!!
You annihilate the orc!!!
You hear some strange, mumbled words!
You are confused!
You are too injured to fight recklessly!!!
Unknown command!
Drink which item? (? for menu, Esc to quit)
You feel better!
You regained 8 hp, and now have 26/31 hp!
You carve the orc like a ham!
You annihilate the orc!!!
You miss something!
Something hits you but does no damage! x2
You slice the orc but do no damage! You barely miss something!
Something hits you but does no damage!
The orc hits you with a falchion!!! * * * don't die
* * * You take 9 damage, and have 17/31 hp!
MASSIVE DAMAGE!!!!!!
You open the orc like a pillowcase!!!
You annihilate the orc!!!
You closely miss something! Something hits you! * * * don't die
* * * You hear some strange, mumbled words!
A magic dart appears from out of thin air!!!
The magic dart hits you!!! * * * don't die
* * * You take 10 damage, and have 7/31 hp!
MASSIVE DAMAGE!!!!!!
Something hits you! * * * don't die
* * *
Items here: )) [ †† a falchion; a hand axe; a ring mail; an orc corpse x2
You take 3 damage, and have 4/31 hp!
Drink which item? (? for menu, Esc to quit)
Okay, then!
You barely miss something! Something completely misses you!
You miss something!
Something hits you but does no damage! x2
You closely miss something! Something hits you! * * * don't die
* * * You take 1 damage, and have 3/31 hp!
Drink which item? (? for menu, Esc to quit)
Okay, then!
Drink which item? (? for menu, Esc to quit)
It was a potion of cure mutation!
It has a very clean taste!
You hear some strange, mumbled words!
Something tries to affect you, but you resist!
Unknown command!
You miss something! Something hits you but does no damage!
You hear some strange, mumbled words!
A magic dart appears from out of thin air!!!
The magic dart hits you!!! * * * don't die
* * * You take 1 damage, and have 2/31 hp!
Unknown command!
You miss something! Something hits you but does no damage!
You closely miss something!
Something hits you but does no damage! x2
You carve something like a ham! You tail-slap something!
Something hits you but does no damage!
You open something like a pillowcase!
You hear some strange, mumbled words!
You are confused!
Something hits you but does no damage!
Drink which item? (? for menu, Esc to quit)
Okay, then!
Drink which item? (? for menu, Esc to quit)
It was a potion of resistance!
You feel protected! Something hits you! * * * don't die
* * * You take 2 damage, and have 1/31 hp!
Unknown command!
Drink which item? (? for menu, Esc to quit)
It was a potion of degeneration!
There was something very wrong with that liquid!
You feel weakened!
You feel dopey!
You feel clumsy!
An orc wizard appears from thin air!!!
Reactivating autopickup!
The orc wizard closely misses you!
Unknown command!
Drink which item? (? for menu, Esc to quit)
It was a potion of might!
You feel very mighty all of a sudden!
The orc wizard hits you but does no damage!
Unknown command!
You bump into the rock wall!
The orc wizard hits you but does no damage!
You feel less confused!
The orc wizard gestures wildly while chanting!
The orc wizard flickers and vanishes!!!
Deactivating autopickup; reactivate with Ctrl-A!
Something hits you! * * * don't die
* * *
Items here: )) [ †† a falchion; a hand axe; a ring mail; an orc corpse x2
You take 1 damage, and have 1/31 hp!
Unknown command!
You miss something! Something hits you! rip

####...##.# #.#
#{@.......# ##..
#.##...##.. #..#
#.# #.## #..# #.#
.#
#..#######.###.##
#..##.............
#..##.####.##.####
#<..........# #
##.##.####..#
#.##.# #... #.##.#
#..## #.##.# #.##
#.##.# .. #.##.#
#.##.# #.##.#


There were no monsters in sight!

Vanquished Creatures
  An adder (D:2)
  A worm (D:2)
  3 dart slugs
  A giant gecko (D:2)
  3 orcs (D:3)
  6 bats
  2 giant cockroaches (D:2)
  3 goblins
  3 hobgoblins (D:1)
  A quokka (D:2)
  2 ball pythons
  A giant newt (D:2)
  2 kobolds
  8 rats
37 creatures vanquished.

Notes
Turn   | Place    | Note
--------------------------------------------------------------
     0 | D:1      | itbreathesyoudie the Draconian Assassin began the quest for the Orb.
     0 | D:1      | Reached XP level 1. HP: 17/17 MP: 1/1
    43 | D:1      | Reached skill level 2 in Throwing
   172 | D:1      | Reached XP level 2. HP: 25/25 MP: 2/2
   815 | D:2      | Reached skill level 3 in Fighting
  1110 | D:2      | Reached XP level 3. HP: 31/31 MP: 3/3
  1424 | D:2      | Found an iron altar of Okawaru.
  1821 | D:3      | HP: 7/31 [something/magic dart (8)]
  1825 | D:3      | HP: 3/31 [something (1)]
  1832 | D:3      | HP: 1/31 [something (2)]
  1837 | D:3      | HP: 1/31 [something (1)]
  1838 | D:3      | Slain by an orc wizard

Vault maps used:
D:1:      elethiomel_arrival_shortcut
D:2:      old_standard_altar, serial_curves, eino_curves_04, eino_curves_02
D:3:      gammafunk_temple_overflow_statue, first_bread

Skill      XL: |  1  2 |
---------------+-------+-----
Throwing       | 2 |  2.8
Fighting       | 3 |  3.4
Short Blades   | |  2.2
Dodging        | |  0.8
Stealth        | |  3.6

Action                   || total
-------------------------++-------
Melee: Dagger            ||   107
       War axe           ||    32
  Use: Potion            ||     6
       Scroll            ||     3
 Stab: Sleeping          ||     4
  Eat: Chunk             ||     1

Vault maps used:
D:1:      elethiomel_arrival_shortcut
D:2:      old_standard_altar, serial_curves, eino_curves_04, eino_curves_02
D:3:      gammafunk_temple_overflow_statue, first_bread

Table legend:
 A = Turns spent in this place as a percentage of turns spent in the entire game.
 B = Non-inter-level travel turns spent in this place as a percentage of non-inter-level travel turns spent in the entire game.
 C = Inter-level travel turns spent in this place as a percentage of turns spent in this place.
 D = Turns resting spent in this place as a percentage of non-inter-level travel turns spent in this place.
 E = Turns spent auto-exploring this place as a percentage of non-inter-level travel turns spent in this place.
 F = Non-inter-level travel turns spent in this place divided by the number of levels of this place that you've seen.
                   A       B       C       D       E      F
               +-------+-------+-------+-------+-------+----------------------
         Total | 100.0 | 100.0 |   0.5 |   0.0 |  10.6 | 181.7
       Dungeon | 100.0 | 100.0 |   0.5 |   0.0 |  10.6 | 181.7
               +-------+-------+-------+-------+-------+----------------------

Table legend:
 A = Kills in this place as a percentage of kills in entire the game.
 B = Kills by you in this place as a percentage of kills by you in the entire game.
 C = Kills by friends in this place as a percentage of kills by friends in the entire game.
 D = Other kills in this place as a percentage of other kills in the entire game.
 E = Experience gained in this place as a percentage of experience gained in the entire game.
 F = Experience gained in this place divided by the number of levels of this place that you have seen.
                   A       B       C       D       E      F
               +-------+-------+-------+-------+-------+----------------------
         Total | 100.0 | 100.0 |  -nan |  -nan | 100.0 |  26.7
       Dungeon | 100.0 | 100.0 |  -nan |  -nan | 100.0 |  26.7
               +-------+-------+-------+-------+-------+----------------------
